 Dungeon Crawl Stone Soup version 0.29.1-13-g9f3cf754e1 (webtiles) character file.

Game seed: 6121867183911382060

18 Thatpatchoflichen the Shooter (level 2, 0/18 HPs)
             Began as a Kobold Hunter on Jan 23, 2023.
             Succumbed to a goblin's poison
             ... on level 2 of the Dungeon.
             The game lasted 00:03:22 (1147 turns).

Thatpatchoflichen the Shooter (Kobold Hunter)       Turns: 1147, Time: 00:03:23

Health: 0/18       AC:  3    Str:  8    XL:     2   Next: 90%
Magic:  2/2        EV: 14    Int: 10    God:
Gold:   68         SH:  0    Dex: 18    Spells: 1/1 levels left

rFire   . . .      SeeInvis .   g - +0 short sword (vamp)
rCold   . . .      Faith    .   (no shield)
rNeg    . . .      Spirit   .   c - +0 leather armour
rPois   .          Reflect  .   (no helmet)
rElec   .          Harm     .   (no cloak)
rCorr   .          Rampage  .   (no gloves)
Will    .....                   (no boots)
Stlth   +++.......              (no amulet)
HPRegen 0.06/turn               (no ring)
MPRegen 0.08/turn               (no ring)

@: mighty, lethally poisoned (0 -> -2), flying
A: small, no large weapons, nightstalker 3
a: no special abilities


You were on level 2 of the Dungeon.
You visited 1 branch of the dungeon, and saw 2 of its levels.

You collected 68 gold pieces.

Inventory:

Hand Weapons
 a - a +0 shortbow
 g - a +0 vampiric short sword (weapon)
 k - a +4 dagger
Armour
 c - a +0 leather armour (worn)
Scrolls
 b - a scroll of immolation
 d - 2 scrolls of poison {unknown}
 f - a scroll of identify {unknown}
 h - a scroll of noise {unknown}
 j - 2 scrolls of amnesia {unknown}


   Skills:
 + Level 2.5 Fighting
 + Level 5.6 Ranged Weapons
 + Level 2.8 Dodging
 + Level 2.2 Stealth


You had one spell level left.
You didn't know any spells.
Your spell library contained the following spells:

 Spells                   Type           Power      Damage    Failure   Level
 Foxfire                  Conj/Fire      0%         2x1d4     50%         1
 Conjure Flame            Conj/Fire      0%         6-21      86%         3
 Inner Flame              Hex/Fire       0%         N/A       86%         3
 Flame Wave               Conj/Fire      0%         2d4       99%         4


Dungeon Overview and Level Annotations

Branches:
Dungeon (2/15)

Altars:

Annotations:
D:2 Robin


Innate Abilities, Weirdness & Mutations

You are small and have problems with some larger weapons.
You are completely attuned to the shadows.


Message History

You kill the goblin!
The goblin barely misses you.
Fire: a) +0 shortbow
Press: ? - help, Q - select action Shift-Dir - straight line, f - goblin
Aim: a goblin, wielding a +0 dagger of venom (58% to hit)
You shoot an arrow. The arrow misses the goblin.
The goblin hits you with a +0 dagger of venom.
Unknown command.
Fire: a) +0 shortbow
Press: ? - help, Q - select action Shift-Dir - straight line, f/p - goblin
Aim: a goblin, wielding a +0 dagger of venom (58% to hit)
You shoot an arrow. The arrow closely misses the goblin.
The goblin barely misses you. The goblin hits you but does no damage.
You are lethally poisoned!
Fire: a) +0 shortbow
Press: ? - help, Q - select action Shift-Dir - straight line, f/p - goblin
Aim: a goblin, wielding a +0 dagger of venom (58% to hit)
You shoot an arrow. The arrow hits the goblin!
You kill the goblin!
You feel very sick.
It was a potion of might.
You feel very mighty all of a sudden.
You feel sick.
It was a potion of flight.
You feel very buoyant.
You fly up into the air.
* * * LOW HITPOINT WARNING * * *
You feel sick.
You feel a sense of dread.
g - a +0 vampiric short sword (weapon)
* * * LOW HITPOINT WARNING * * *
You feel sick.
You fly downwards.
Level annotation: Robin
* * * LOW HITPOINT WARNING * * *
You feel sick. Robin hits you but does no damage.
There is a stone staircase leading up here.
You hit Robin.
Robin is moderately wounded.
You die...

#...###
###......
................
............g#J#
.............#.#
###...###.#..#g#
#........†.@.#
#...######.###
#...# #.# #.g.#
#.# ####.## #..
...g.# .###w####
.........
..##.##..


You could see Robin, an endoplasm and a goblin.

Vanquished Creatures
  A giant cockroach (D:1)
  4 hobgoblins (D:1)
  A kobold (D:2)
  A bat (D:1)
  A frilled lizard (D:1)
  8 goblins
16 creatures vanquished.

Notes
Turn   | Place    | Note
-------+----------+-------------------------------------------
     0 | D:1      | Thatpatchoflichen the Kobold Hunter began the quest for the
                  | Orb.
     0 | D:1      | Reached XP level 1. HP: 12/12 MP: 1/1
    29 | D:1      | Noticed an electric eel
    76 | D:2      | Noticed Robin
    93 | D:1      | Reached XP level 2. HP: 7/18 MP: 2/2
  1147 | D:2      | Succumbed to a goblin's poison

Illustrated notes

Levels and vault maps discovered:
D:1:      arrival_aquarium_a, layout_loops_ring, minmay_misc_feat_enclosed
D:2:      layout_loops_cross, uniq_robin

Skill      XL: |  1  2 |
---------------+-------+-----
Stealth        | 2 |  2.2
Fighting       | |  2.5
Ranged Weapons | |  5.6
Dodging        | |  2.8

Action                   || total
-------------------------++-------
Melee: Short sword       ||     1
 Fire: Shortbow          ||    50
  Use: Potion            ||     2
Armor: Leather armour    ||     9
Dodge: Dodged            ||    33
